AoeStats
← francoishurdebise

Hideout

510162248Analyzed
1v1 RM · 3d ago on Sep 29, 2026· 47m 14s· 2 players
Game mode
Random Map
Map size
Tiny (2 player)
Population
200
Speed
Normal
Resources
Standard
Victory
Conquest
Starting age
Dark Age
Ending age
Imperial Age
RankedLock teamsTeams togetherTeam positionsShared explorationLock speedFull tech treeHidden civsTurbo modeCheats
Victory
Defeat
🇺🇸 Ethiopians · United States
664
+16
🇧🇪 Franks · Belgium
657
-35
francoishurdebise
16:51 Feudal Age
18:17 Wheelbarrow
17:37 Stone Mining
17:38 Gold Mining
17:35 Double-Bit Axe
28:51 Castle Age
29:59 Hand Cart
30:25 Gold Shaft Mining
30:03 Bow Saw
31:48 Husbandry
33:56 Loom
34:01 Town Watch
34:53 Scale Mail Armor
37:00 Forging
39:24 Iron Casting
39:37 Chain Mail Armor
44:21 Imperial Age
42:50 Scale Barding Armor
44:17 Chain Barding Armor
43:59 Padded Archer Armor
43:50 Fletching
TimHa
11:13 Feudal Age
12:21 Loom
12:22 Town Watch
13:19 Wheelbarrow
13:52 Horse Collar
20:33 Castle Age
18:57 Double-Bit Axe
19:07 Fletching
19:19 Padded Archer Armor
19:52 Gold Mining
19:53 Stone Mining
24:27 Town Patrol
26:59 Bow Saw
27:35 Crossbowman
28:52 Hand Cart
29:26 Bodkin Arrow
29:48 Leather Archer Armor
32:00 Thumb Ring
34:44 Heavy Plow
36:27 Squires
36:41 Royal Heirs
40:48 Imperial Age
39:33 Forging
39:24 Scale Mail Armor
40:28 Stone Shaft Mining
41:56 Conscription
41:25 Elite Shotel Warrior
Connection lost

Rejoining the realm…

Still unreachable

The connection could not be restored.

Session expired

The server has moved on; the page needs a fresh start.